 Dungeon Crawl Stone Soup version 0.31.0-11-ge490571c62 (webtiles) character file.

Game seed: 17716026050777321485

544 Aviak the Caller (level 7, 35/52 HPs)
             Began as a Demonspawn Summoner on Jan 26, 2024.
             Quit the game on level 5 of the Dungeon.
             The game lasted 00:09:06 (3865 turns).

Aviak the Caller (Demonspawn Summoner)              Turns: 3865, Time: 00:09:06

Health: 35/52      AC: -1    Str:  8    XL:     7   Next: 6%
Magic:  8/11       EV: 13    Int: 17    God:
Gold:   192        SH:  0    Dex: 14    Spells: 5/12 levels left

rFire   . . .        l - +7 dagger "Lymyetea" {flame, rPois Stlth+}
rCold   . . .        (no shield)
rNeg    . . .        a - +0 robe
rPois   +            (helmet restricted)
rElec   .            n - +0 cloak
rCorr   .            (no gloves)
SInv    +            (no boots)
Will    .....        (no amulet)
Stlth   +++          g - +4 ring of slaying
HPRegen 0.28/turn    Z - ring of see invisible
MPRegen 0.12/turn

%: no passive effects
@: corroded
A: horns 2, demonic guardian 1, powered by pain 1, sanguine armour 1
a: no special abilities


You were on level 5 of the Dungeon.
You visited 2 branches of the dungeon, and saw 6 of its levels.

You collected 192 gold pieces.

Inventory:

Hand Weapons
 k - a +0 short sword
 l - the +7 dagger "Lymyetea" (weapon) {flame, rPois Stlth+}
   (You found it on level 2 of the Dungeon)

   rPois:     It protects you from poison Stlth+: It makes you more stealthy.
Armour
 a - a +0 robe (worn)
 n - a +0 cloak (worn)
Jewellery
 g - a +4 ring of slaying (left hand)
 m - a ring of positive energy
 t - an amulet of guardian spirit
 Z - a ring of see invisible (right hand)
Scrolls
 c - 2 scrolls of teleportation {unknown}
 d - a scroll of noise {unknown}
 f - 3 scrolls of identify {unknown}
 i - a scroll of torment {unknown}
 j - 5 scrolls of fog {unknown}
 r - 2 scrolls of poison {unknown}
Potions
 b - a potion of magic
 e - 3 potions of curing {unknown}
 h - a potion of brilliance {unknown}
 o - a potion of heal wounds {unknown}
 p - a potion of attraction {unknown}
 q - a potion of haste {unknown}
 s - a potion of invisibility {unknown}


   Skills:
 + Level 3.6 Fighting
 - Level 3.3 Dodging
 - Level 1.7 Stealth
 - Level 3.0 Spellcasting
 - Level 5.0 Summonings
 + Level 3.3 Ice Magic


You had 5 spell levels left.
You knew the following spells:

 Your Spells              Type           Power      Damage    Failure   Level
a - Freeze                Ice            52%        1d6       4%          1
b - Call Imp              Summ           38%        N/A       3%          2
c - Frozen Ramparts       Ice            26%        1d4       14%         3
d - Summon Small Mammal   Summ           76%        N/A       2%          1

Your spell library contained the following spells:

 Spells                   Type           Power      Damage    Failure   Level
 Call Canine Familiar     Summ           19%        N/A       7%          3
 Foxfire                  Conj/Fire      8%         2x1d4     17%         1
 Hailstorm                Conj/Ice       8%         3d5       26%         3
 Sigil of Binding         Hex            2%         N/A       45%         3
 Summon Blazeheart Golem  Fire/Summ      11%        N/A       52%         4
 Summon Lightning Spire   Summ/Air       11%        N/A       52%         4
 Dimensional Bullseye     Hex/Tloc       1%         N/A       86%         4


Dungeon Overview and Level Annotations

Branches:
Dungeon (5/15)             Temple (1/1) D:4

Altars:
Dithmenos
Fedhas
Gozag
Hepliaklqana
Makhleb
Okawaru
Qazlal
Ru
Sif Muna
Trog
Uskayaw
Vehumet
Xom

Shops:
D:2 ?   D:4 =(=


Innate Abilities, Weirdness & Mutations

You have a pair of horns on your head.
A weak demonic guardian rushes to your aid.
You sometimes gain a little power by taking damage.
When seriously injured, your blood forms armour. (AC +0)


Message History

Items here: )) [ ††.
Found a staircase to the Ecumenical Temple.
There is a staircase to the Ecumenical Temple here.
You climb downwards.
Welcome to the Ecumenical Temple!
Found a burning altar of Makhleb and an iron altar of Okawaru.
Found a staircase back to the Dungeon.
There is a staircase back to the Dungeon here.
You climb upwards.
Welcome back to the Dungeon!
There is a staircase to the Ecumenical Temple here.
There is a stone staircase leading down here.
There is a stone staircase leading down here.
Found 6 poisoned darts.
Things that are here:
a +0 leather armour; a +0 short sword Done exploring.
There is a stone staircase leading down here.
You climb downwards.
There is a stone staircase leading up here.
There are monsters nearby!
A tiny devil pulls itself out of the air.
The hound barks!
The jelly quivers.
You puncture the hound! You burn the hound.
The hound is severely wounded.
The hound bites you. The hound misses you.
You puncture the hound! You burn the hound.
You kill the hound!
Your cerulean imp hits the jelly from afar with a -3 spear.
The jelly completely misses you.
You have reached level 7!
Your demonic ancestry asserts itself...
You feel the presence of a demonic guardian.
You hit the jelly. You burn the jelly. The acid corrodes you!
Your hands burn!
You headbutt the jelly!
The jelly is almost dead.
Your cerulean imp hits the jelly but does no damage.
The jelly hits you.
You are splashed with acid!
You puncture the jelly! You burn the jelly.
You kill the jelly!
Are you sure you want to abandon this character and quit the game? (Confirm with "yes".)

##+##
##...##
##.....##
##.......##
#.....@5..#
+.........+
#.......<.#
##.......##
##.....##
##...##
##+##


You could see a friendly cerulean imp (summoned).

Vanquished Creatures
  A howler monkey (D:3)
  2 hounds
  2 jellies
  An orc priest (D:3)
  2 bombardier beetles (D:4)
  Crazy Yiuf (D:2)
  An iguana (D:4)
  Natasha (D:3)
  A gnoll (D:3)
  8 adders
  A white imp (D:3)
  3 dart slugs (D:4)
  A ribbon worm (D:3)
  16 orcs
  6 endoplasms
  3 giant cockroaches
  8 goblins
  5 hobgoblins
  2 jackals (D:1)
  4 quokkas
  3 ball pythons
  5 bats
  4 frilled lizards
  8 kobolds
  6 rats
95 creatures vanquished.

Vanquished Creatures (collateral kills)
  An adder (D:4)
  A ribbon worm (D:2)
  An endoplasm (D:1)
  2 goblins
  2 jackals (D:1)
  A ball python (D:1)
  A kobold (D:2)
  A rat (D:1)
10 creatures vanquished.

Grand Total: 105 creatures vanquished

Notes
Turn   | Place    | Note
-------+----------+-------------------------------------------
     0 | D:1      | Aviak the Demonspawn Summoner began the quest for the Orb.
     0 | D:1      | Reached XP level 1. HP: 13/13 MP: 3/3
   519 | D:1      | Gained mutation: When seriously injured, your blood forms
                  | armour. (AC +0) [demonic ancestry]
   519 | D:1      | Reached XP level 2. HP: 15/19 MP: 3/5
   548 | D:1      | Learned a level 2 spell: Call Imp
   769 | D:2      | Found Vithat's Magic Scroll Shop.
   925 | D:2      | Gained mutation: You have a pair of small horns on your
                  | head. [demonic ancestry]
   925 | D:2      | Reached XP level 3. HP: 24/24 MP: 6/6
  1204 | D:2      | Learned a level 1 spell: Freeze
  1208 | D:2      | Learned a level 3 spell: Frozen Ramparts
  1250 | D:2      | Reached XP level 4. HP: 22/30 MP: 4/8
  1372 | D:2      | Identified the +7 dagger "Lymyetea" {flame, rPois Stlth+}
  1632 | D:2      | Found a runed translucent door.
  1633 | D:2      | Noticed Crazy Yiuf
  1801 | D:2      | Killed Crazy Yiuf
  2073 | D:3      | Found a shimmering blue altar of Sif Muna.
  2083 | D:3      | Got Sif Muna's Omnibus of the Arsonist
  2116 | D:3      | Found a bloodstained altar of Trog.
  2123 | D:3      | Gained mutation: You sometimes gain a little power by
                  | taking damage. [demonic ancestry]
  2123 | D:3      | Reached XP level 5. HP: 35/35 MP: 6/9
  2254 | D:3      | Reached skill level 5 in Summonings
  2380 | D:3      | Noticed Natasha
  2383 | D:3      | Killed Natasha
  2392 | D:3      | Reached skill level 1 in Fighting
  2392 | D:3      | Reached skill level 1 in Ice Magic
  2580 | D:3      | Gained mutation: You have a pair of horns on your head.
                  | [demonic ancestry]
  2580 | D:3      | Reached XP level 6. HP: 40/44 MP: 6/10
  2751 | D:3      | Found a shadowy altar of Dithmenos.
  3202 | D:4      | Found Ibehas's Jewellery Boutique.
  3254 | D:4      | Found Veew's Weapon Shoppe.
  3315 | D:4      | Found Koelie's Jewellery Shop.
  3597 | D:4      | Found a staircase to the Ecumenical Temple.
  3606 | Temple   | Entered the Ecumenical Temple
  3857 | D:5      | Entered Level 5 of the Dungeon
  3863 | D:5      | Gained mutation: A weak demonic guardian rushes to your
                  | aid. [demonic ancestry]
  3863 | D:5      | Reached XP level 7. HP: 48/52 MP: 8/11
  3865 | D:5      | Quit the game

Illustrated notes

Levels and vault maps discovered:
D:1:      minmay_arrival_radiant_lines, layout_loops_cross
D:2:      layout_basic, serial_shops, shop, uniq_crazy_yiuf_cottage
D:3:      layout_basic, nzn_overflow_gifts_of_might_and_magic,
          nicolae_dithmenos_through_a_glass_darkly, minmay_goblin_outpost,
          uniq_natasha
D:4:      layout_loops_ring, lemuel_temple_firewalk_b, serial_shops,
          nicolae_shop_advertising_works [nicolae_subvault_shop_adworks], shop,
          shop, patterned_corridor
D:5:      layout_loops_corners, grunt_temple_overflow_open, wad_rectangle_vault
Temple:   compressed_dpeg_triangle_lava_temple

Skill      XL: |  1  2  3  4  5  6 |
---------------+-------------------+-----
Dodging        | 2 3 |  3.3
Spellcasting   | 3 |  3.0
Summonings     | 5 |  5.0
Fighting       | 2 3 |  3.6
Ice Magic      | 1 3 |  3.3
Stealth        | |  1.7

Action                     |  1- 3 |  4- 6 |  7- 9 || total
---------------------------+-------+-------+-------++-------
  Melee: Mace              |    74 |     1 |       ||    75
         Headbutt          |     4 |    19 |     1 ||    24
         Punch             |     1 |       |       ||     1
         Dagger            |       |   121 |     2 ||   123
         Short sword       |       |     8 |       ||     8
   Cast: Summon Small Mamm |    17 |       |       ||    17
         Call Imp          |     6 |    21 |       ||    27
   Stab: Sleeping          |     3 |    11 |       ||    14
         Distracted        |     1 |       |       ||     1
 Armour: Robe              |    65 |    46 |     1 ||   112
  Dodge: Dodged            |    65 |    74 |       ||   139
